 Dungeon Crawl Stone Soup version 0.23.1 (webtiles) character file.

Game seed: 5527234129185639244

80 dvd the Covered (level 4, -7/40 HPs)
             Began as a Minotaur Fighter on Mar 4, 2019.
             Mangled by an orc wizard
             ... wielding a +1 dagger of electrocution
              (20 damage)
             ... on level 3 of the Dungeon.
             The game lasted 00:03:15 (1382 turns).

dvd the Covered (Minotaur Fighter)                  Turns: 1382, Time: 00:03:23

Health: -7/40      AC: 10    Str: 21    XL:     4   Next: 18%
Magic:  3/3        EV:  6    Int:  5    God:
Gold:   105        SH: 14    Dex: 10    Spells: 3/3 levels left

rFire    + . .     SeeInvis .   q - +1 whip (venom)
rCold    . . .     Gourm    .   n - +0 large shield
rNeg     . . .     Faith    .   r - +3 ring mail {rF+}
rPois    .         Spirit   .   (helmet restricted)
rElec    .         Reflect  .   (no cloak)
rCorr    .         Harm     .   m - +0 pair of gloves
MR       .....                  (no boots)
Stlth    ..........             p - amulet of magic regeneration
HPRegen  0.13/turn              j - ring of wizardry
MPRegen  0.33/turn              (no ring)

@: lethally poisoned (-7 -> -10)
A: retaliatory headbutt, horns 2
a: no special abilities


You were on level 3 of the Dungeon.
You were not hungry.

You visited 1 branch of the dungeon, and saw 3 of its levels.

You collected 105 gold pieces.

Inventory:

Hand Weapons
 a - a +0 war axe
 q - a +1 whip of venom (weapon)
Missiles
 g - 5 javelins (quivered)
Armour
 c - a +0 shield
 m - a +0 pair of gloves (worn)
 n - a +0 large shield (worn)
 r - a +3 ring mail of fire resistance (worn)
Jewellery
 j - a ring of wizardry (left hand)
 p - an amulet of magic regeneration (around neck)
Scrolls
 e - a scroll of identify
 o - 2 scrolls of enchant armour
Potions
 d - a potion of might
 i - a potion of haste {unknown}
 k - a potion of flight
Comestibles
 f - 3 rations
 h - a chunk of flesh


   Skills:
 + Level 4.3 Fighting
 + Level 3.3 Axes
 + Level 4.5 Armour
 + Level 4.3 Shields


You had 3 spell levels left.
You didn't know any spells.
Your spell library contained the following spells:

 Spells                   Type           Power        Failure   Level  Hunger
 Confusing Touch          Hex            #.....       99%         1    ##.....
 Confuse                  Hex            #.......     100%        3    ####...
 Gell's Gravitas          Tloc           #.........   100%        3    ####...
 Petrify                  Tmut/Erth      #.......     100%        4    #####..
 Metabolic Englaciation   Hex/Ice        #.........   100%        5    ######.
 Yara's Violent Unravell  Hex/Tmut       #.........   100%        5    ######.


Dungeon Overview and Level Annotations

Branches:
Dungeon (3/15)

Altars:
Makhleb
Vehumet
Xom
Zin


Innate Abilities, Weirdness & Mutations

You reflexively headbutt those who attack you in melee.
You have a pair of horns on your head.


Message History

The adder is moderately wounded.
You feel sick. You block the adder's attack.
The giant cockroach closely misses you. The goblin hits you with a +0 dagger.
The adder bites you but does no damage. You block the orc's attack.
The giant cockroach bites you but does no damage.
The orc hits you with a +0 flail.
You closely miss the adder.
The adder is moderately wounded.
The adder barely misses you. You block the goblin's attack.
You block the giant cockroach's attack. The orc hits you but does no damage.
The orc hits you with a +0 flail. The adder bites you but does no damage.
Unknown command.
You hit the adder.
The adder is poisoned.
The adder is heavily wounded.
You block the giant cockroach's attack. The goblin hits you but does no damage.
You block the orc's attack. The adder bites you but does no damage.
The orc wizard hits you but does no damage.
You are electrocuted!!
Ouch! That really hurt!
You die...

# #.#+# ##. #.#.#
..####...######
#.............
#.............
#..<...?......
###.............
.........o>......
#........S@g......
#........oos......
..................
...##.............
... #.............
###+####......
.....# .....#


You could see an orc wizard, an adder, 2 orcs, a giant cockroach and a goblin.

Vanquished Creatures
  Terence (D:2)
  An adder (D:3)
  2 worms (D:2)
  2 dart slugs (D:1)
  2 orcs
  4 bats
  3 goblins
  4 hobgoblins
  3 jackals (D:1)
  2 quokkas (D:2)
  4 frilled lizards
  3 kobolds
  A rat (D:1)
32 creatures vanquished.

Notes
Turn   | Place    | Note
-------+----------+-------------------------------------------
     0 | D:1      | dvd the Minotaur Fighter began the quest for the Orb.
     0 | D:1      | Reached XP level 1. HP: 19/19 MP: 0/0
   173 | D:1      | Reached XP level 2. HP: 27/27 MP: 1/1
   687 | D:2      | Found a glowing silver altar of Zin.
   687 | D:2      | Noticed an angel
   690 | D:2      | Found a shimmering altar of Xom.
   809 | D:2      | Noticed Terence
   817 | D:2      | Killed Terence
   817 | D:2      | Reached XP level 3. HP: 33/33 MP: 2/2
  1042 | D:2      | Found a burning altar of Makhleb.
  1044 | D:2      | Found a radiant altar of Vehumet.
  1374 | D:3      | Reached XP level 4. HP: 40/40 MP: 3/3
  1382 | D:3      | Mangled by an orc wizard

Skill      XL: |  1  2 |
---------------+-------+-----
Armour         | 4 |  4.5
Fighting       | 4 |  4.3
Shields        | 4 |  4.3
Axes           | 3 |  3.3

Action                   |  1- 3 |  4- 6 || total
-------------------------+-------+-------++-------
Melee: War axe           |    79 |       ||    79
       Headbutt          |    12 |       ||    12
       Whip              |     2 |     8 ||    10
  Use: Scroll            |     4 |       ||     4
  Eat: Chunk             |     2 |       ||     2
Armor: Scale mail        |    26 |       ||    26
       Ring mail         |       |     9 ||     9
Dodge: Dodged            |    19 |     6 ||    25
Block: Shield            |     6 |       ||     6
       Large shield      |    48 |    17 ||    65
